 Dungeon Crawl Stone Soup version 0.28-a0-1087-gf3fc490d9d (webtiles) character file.

Game seed: 10667350335703172222

91 meatgazer the Skirmisher (level 4, 0/35 HPs)
             Began as a Demonspawn Abyssal Knight on Dec 10, 2021.
             Was a Believer of Lugonu.
             Slain by Sigmund (8 damage)
             ... on level 2 of the Dungeon.
             The game lasted 00:03:20 (3636 turns).

meatgazer the Skirmisher (DsAK)                     Turns: 3636, Time: 00:03:20

Health: 0/35       AC:  3    Str: 18    XL:     4   Next: 33%
Magic:  6/6        EV: 11    Int: 12    God:    Lugonu [**....]
Gold:   138        SH:  6    Dex: 15    Spells: 3/3 levels left

rFire   . . .      SeeInvis .   a - +1 spear
rCold   . . .      Faith    .   d - +2 buckler of the Everdark {Str+3}
rNeg    . . .      Spirit   .   b - +0 leather armour
rPois   .          Reflect  .   (no helmet)
rElec   .          Harm     .   (no cloak)
rCorr   .          Rampage  .   (no gloves)
Will    .....                   (no boots)
Stlth   ++........              (no amulet)
HPRegen 0.11/turn               (no ring)
MPRegen 0.10/turn               (no ring)

@: no status effects
A: hooves 1, thin skeletal structure 1, foul stench 1
a: Renounce Religion, Depart the Abyss, Bend Space


You were on level 2 of the Dungeon.
You worshipped Lugonu.
Lugonu was pleased with you.
You visited 1 branch of the dungeon, and saw 3 of its levels.
You visited the Abyss 1 time.

You collected 138 gold pieces.

Inventory:

Hand Weapons
 a - a +1 spear (weapon)
Armour
 b - a +0 leather armour (worn)
 d - the +2 buckler of the Everdark (worn) {Str+3}
   (You found it on level 2 of the Abyss)

   Str:       It affects your strength (+3).
Scrolls
 f - a scroll of identify
 g - a scroll of fog
 h - a scroll of teleportation {unknown}
Potions
 c - a potion of resistance
 e - a potion of flight {unknown}
 i - a potion of brilliance {unknown}


   Skills:
 + Level 3.4 Fighting
 + Level 2.4 Polearms
 - Level 2.0 Armour
 - Level 1.0 Dodging
 * Level 2.1 Shields
 + Level 3.3 Invocations


You had 3 spell levels left.
You didn't know any spells.
Your spell library was empty.

Dungeon Overview and Level Annotations

Branches:
Dungeon (3/15)

Altars:
Dithmenos

Annotations:
D:2 Sigmund


Innate Abilities, Weirdness & Mutations

You have large cloven feet.
You have a somewhat thin skeletal structure. (Dex +2, Stealth+)
You may rarely emit foul miasma when damaged in melee.


Message History

Found a scroll labelled UNI EHYUMAMIHA ALI.
Sigmund shouts!
You reach to attack!
You miss the quokka. You hit the quokka. You kick the quokka.
You kill the quokka!
Lugonu accepts your kill. Sigmund barely misses you.
You reach to attack!
You hit Sigmund.
Sigmund is lightly wounded.
Sigmund closely misses you.
You reach to attack!
You completely miss Sigmund.
Sigmund is lightly wounded.
You reach to attack!
You hit Sigmund.
Sigmund is moderately wounded.
You block Sigmund's attack.
You reach to attack!
You closely miss Sigmund.
Sigmund is moderately wounded.
Sigmund hits you but does no damage.
You reach to attack!
You puncture Sigmund!
Sigmund is heavily wounded.
You reach to attack!
You hit Sigmund.
Sigmund is heavily wounded.
Sigmund hits you from afar with a +0 scythe!
You reach to attack!
You completely miss Sigmund.
Sigmund is heavily wounded.
Sigmund closely misses you.
You reach to attack!
You barely miss Sigmund.
Sigmund is heavily wounded.
You reach to attack!
You hit Sigmund but do no damage.
Sigmund is heavily wounded.
Sigmund hits you from afar with a +0 scythe!
You are too injured to fight recklessly!
You are too injured to fight recklessly!
Sigmund points at you and mumbles some strange words.
The magic dart hits you!
* * * LOW HITPOINT WARNING * * *
You hit Sigmund.
Sigmund is severely wounded.
Sigmund hits you with a +0 scythe!
You die...

### #.. ####### #..
#.....# #..
############.###.#
#.. .^..?.@@.....#
#.# #..
################.#
#..
..........#.#####..
..><...........'..
####.#######.#####..
.............# #..
##[.....##### #..
#......# ##.
#......# ####


You could see Sigmund.

Vanquished Creatures
  3 adders
  2 dart slugs
  3 bats
  3 endoplasms
  4 giant cockroaches (D:1)
  3 goblins
  3 hobgoblins
  3 jackals (D:1)
  11 kobolds
  6 quokkas
  5 ball pythons
  5 frilled lizards
  5 rats
56 creatures vanquished.

Vanquished Creatures (others)
  4 plants (D:1)
4 creatures vanquished.

Grand Total: 60 creatures vanquished

Notes
Turn   | Place    | Note
-------+----------+-------------------------------------------
     0 | Abyss:1  | meatgazer the Demonspawn Abyssal Knight began the quest for
                  | the Orb.
     0 | Abyss:1  | Reached XP level 1. HP: 18/18 MP: 2/2
    17 | Abyss:2  | Identified the +2 buckler of the Everdark {Str+3}
    26 | Abyss:2  | Noticed a naga warrior
    26 | Abyss:2  | Noticed a naga
    57 | Abyss:3  | Noticed a golden eye
    57 | Abyss:3  | Noticed a golden eye
    65 | D:1      | Escaped the Abyss
   106 | D:1      | Reached skill level 1 in Dodging
   229 | D:1      | Reached * piety under Lugonu
   230 | D:1      | Gained mutation: You may rarely emit foul miasma when
                  | damaged in melee. [demonic ancestry]
   230 | D:1      | Reached XP level 2. HP: 14/24 MP: 3/3
   783 | D:1      | Reached skill level 1 in Shields
  1536 | D:1      | Gained mutation: You have large cloven feet. [demonic
                  | ancestry]
  1536 | D:1      | Reached XP level 3. HP: 29/29 MP: 5/5
  2519 | D:2      | You fall into a shaft and drop 1 floor!
  3215 | D:2      | Gained mutation: You have a somewhat thin skeletal
                  | structure. (Dex +2, Stealth+) [demonic ancestry]
  3215 | D:2      | Reached XP level 4. HP: 32/35 MP: 6/6
  3260 | D:2      | Reached ** piety under Lugonu
  3325 | D:2      | Found a shadowy altar of Dithmenos.
  3620 | D:2      | Noticed Sigmund
  3636 | D:2      | Slain by Sigmund

Illustrated notes

Levels and vault maps discovered:
D:1:      sevenhm_arrival_forest_fort_small_6, layout_basic, minivault_24,
          lexackson_kobold_supper
D:2:      layout_basic, basic_altar, uniq_sigmund
D:3:      layout_rooms, mainiacjoe_overflow_six_doors_small, uniq_ijyb,
          uniq_grinder

Skill      XL: |  1  2  3  4 |
---------------+-------------+-----
Dodging        | 1 |  1.0
Polearms       | 2 |  2.4
Shields        | 1 2 |  2.1
Armour         | 2 |  2.0
Invocations    | 3 |  3.3
Fighting       | |  3.4

Action                   |  1- 3 |  4- 6 || total
-------------------------+-------+-------++-------
Melee: Spear             |   179 |    27 ||   206
       Kick              |    17 |     5 ||    22
Invok: Depart the Abyss  |     1 |       ||     1
  Use: Scroll            |     5 |       ||     5
       Potion            |     1 |       ||     1
Armor: Leather armour    |    37 |     2 ||    39
Dodge: Dodged            |   104 |     4 ||   108
Block: Buckler           |     1 |     5 ||     6

Table legend: (Time is in decaauts)
 A = Elapsed time spent in this place.
 B = Non-inter-level travel time spent in this place.
 C = Inter-level travel time spent in this place.
 D = Time resting spent in this place.
 E = Time spent auto-exploring this place.
 F = Levels seen in this place.
 G = Mean time per level.
                   A        B        C        D        E       F      G
               +--------+--------+--------+--------+--------+-----+--------+
         Total |   3636 |   3599 |     37 |   1404 |   1795 |   6 |  606.0 |
       Dungeon |   3571 |   3534 |     37 |   1404 |   1767 |   3 | 1190.3 |
         Abyss |     64 |     64 |      0 |      0 |     28 |   3 |   21.3 |
               +--------+--------+--------+--------+--------+-----+--------+

Top non-repeatable levels by time:
     D:1: 1975 daAuts
     D:2: 1579 daAuts
 Abyss:3: 34 daAuts
 Abyss:2: 25 daAuts
     D:3: 16 daAuts
 Abyss:1: 4 daAuts
